 Dungeon Crawl Stone Soup version 0.30-a0-339-g89bb51ec76 (webtiles) character file.

Game seed: 6164020341213972249

1087 lunkers the Geomancer (level 8, -1/57 HPs)
             Began as a Meteoran Earth Elementalist on Oct 31, 2022.
             Was an Elder of Jiyva.
             Slain by an orc
             ... wielding a +0 short sword
              (3 damage)
             ... on level 5 of the Dungeon.
             The game lasted 00:06:21 (1853 turns).

lunkers the Geomancer (Meteoran Earth Elementalist) Turns: 1853, Time: 00:06:22

Health: -1/57      AC:  2    Str: 10    XL:     8   Next: 86%
Magic:  10/19      EV: 12    Int: 19    God:    Jiyva [****..]
Gold:   93         SH:  0    Dex: 14    Spells: 10/20 levels left

rFire   . . .      SeeInvis .    (no weapon)
rCold   . . .      Faith    .    (no shield)
rNeg    . . .      Spirit   .    a - +0 robe
rPois   .          Reflect  .    (helmet restricted)
rElec   .          Harm     .    (no cloak)
rCorr   +          Rampage  .    (no gloves)
Will    +....                    (no boots)
Stlth   +.........               k - amulet of magic regeneration
HPRegen 1.57/turn                (no ring)
MPRegen 0.96/turn                (no ring)

@: glowing
A: sense surroundings 1, otherworldly, glowing, explore regen, horns 1, talons
1, evolution 1, MP-powered wands, engulf
a: Renounce Religion, Oozemancy, Slimify


You were on level 5 of the Dungeon.
You worshipped Jiyva.
Jiyva was greatly pleased with you.
You visited 1 branch of the dungeon, and saw 5 of its levels.

You collected 93 gold pieces.

Inventory:

Hand Weapons
 i - a +1 spear of freezing
Missiles
 e - a throwing net
Armour
 a - a +0 robe (worn)
 h - a +0 helmet
Jewellery
 d - a ring of fire
 k - an amulet of magic regeneration (around neck)
Wands
 m - a wand of charming (1)
Potions
 b - a potion of magic
 c - a potion of invisibility
 f - a potion of flight {unknown}
 j - 2 potions of curing
 l - a potion of attraction


   Skills:
 - Level 2.4 Dodging
 - Level 1.4 Stealth
 + Level 6.6 Spellcasting
 - Level 4.0 Conjurations
 - Level 1.2 Transmutations
 * Level 9.3 Earth Magic


You had 10 spell levels left.
You knew the following spells:

 Your Spells              Type           Power      Damage    Failure   Level
a - Sandblast             Erth           82%        2d17      1%          1
b - Passwall              Tmut/Erth      21%        N/A       1%          2
c - Stone Arrow           Conj/Erth      62%        3d10      1%          3
d - Petrify               Tmut/Erth      26%        N/A       12%         4

Your spell library contained the following spells:

 Spells                   Type           Power      Damage    Failure   Level
 Slow                     Hex            24%        N/A       11%         1
 Confusing Touch          Hex            6%         N/A       30%         3
 Inner Flame              Hex/Fire       6%         N/A       30%         3
 Vampiric Draining        Necr           6%         2d6       30%         3
 Flame Wave               Conj/Fire      13%        2d6       41%         4
 Sticky Flame             Conj/Fire      13%        2d4       41%         4


Dungeon Overview and Level Annotations

Branches:
Dungeon (5/15) Zot: 1091
 Temple: D:4-7

Altars:
Fedhas
Jiyva

Shops:
D:4 *


Innate Abilities, Weirdness & Mutations

You passively map a small area around you.
You are easily found by Zot.
You glow in the dark.
You regain HP and MP as you explore.
You have a pair of small horns on your head.
You have sharp toenails.
You have hidden genetic potential.
You expend magic power (3 MP) to strengthen your wands.
Your melee attacks may engulf your foes in ooze.


Message History

* * * LOW HITPOINT WARNING * * *
The orc barely misses the jelly.
The jelly hits the hound.
The hound dies!
Casting: Sandblast (safe; 1% risk of failure)
Confirm with . or Enter, or press ? or * to list all spells.
Aiming: Stone Arrow (dangerous; 2% risk of failure)
Press: ? - help, Shift-Dir - straight line, f/p - ogre
Aim: an ogre, wielding a +0 giant spiked club (88% to hit)
The stone arrow hits the ogre!!
The ogre is severely wounded.
The orc hits the jelly with a +0 club.
The orc is burned by acid!
The orc hits the jelly with a +0 falchion.
The jelly dies!
The ogre hits you with a +0 giant spiked club!!
Ouch! That really hurt!
* * * LOW HITPOINT WARNING * * *
Casting: Stone Arrow (dangerous; 2% risk of failure)
Confirm with . or Enter, or press ? or * to list all spells.
Aiming: Stone Arrow (dangerous; 2% risk of failure)
Press: ? - help, Shift-Dir - straight line, f/p - ogre
Aim: an ogre, wielding a +0 giant spiked club (severely wounded, 88% to hit)
The stone arrow hits the ogre!!
You kill the ogre!
You hear a distant slurping noise.
Casting: Stone Arrow (safe; 1% risk of failure)
Confirm with . or Enter, or press ? or * to list all spells.
Aiming: Stone Arrow (safe; 1% risk of failure)
Press: ? - help, Shift-Dir - straight line, f - orc
Aim: an orc, wielding a +0 falchion and wearing a +0 leather armour (74% to hit)
The stone arrow hits the orc!
You kill the orc!
The orc hits you with a +0 club.
* * * LOW HITPOINT WARNING * * *
Casting: Stone Arrow (safe; 1% risk of failure)
Confirm with . or Enter, or press ? or * to list all spells.
Aiming: Stone Arrow (safe; 1% risk of failure)
Press: ? - help, Shift-Dir - straight line, f - orc
Aim: an orc, wielding a +0 short sword (74% to hit)
The stone arrow misses the orc.
The orc hits you with a +0 short sword.
You die...

* * * * * * * , * ,
, , , , , *####* * *
* * ##,, ##..### .#
# [# ,
......###...##.##.#,
.#......###...)#.. ,
.#'#......###..o.##
.#.###......###o@.#
,
.#...###......###.#
, *
.###...###......#'#
,,
.#.###...###......#
*
.#...##).##......##
.###....##......###
,**
##.##..##......##.#
.#....##..J...##..#
.##..##J.....##..##,
,


You could see 2 orcs.

Vanquished Creatures
  Grinder (D:3)
  2 water moccasins (D:5)
  A black bear (D:5)
  An ogre (D:5)
  A centaur (D:5)
  2 scorpions (D:5)
  Blork the orc (D:5)
  A howler monkey (D:4)
  3 iguanas (D:5)
  Robin (D:2)
  7 adders
  A worm (D:2)
  4 dart slugs
  5 orcs
  5 bats
  An endoplasm (D:1)
  2 giant cockroaches
  6 goblins
  3 hobgoblins
  3 jackals (D:4)
  2 quokkas (D:3)
  4 ball pythons
  4 frilled lizards
  5 kobolds
  2 rats (D:1)
68 creatures vanquished.

Vanquished Creatures (others)
  A phantom (D:5)
  3 jellies (D:5)
  3 hounds (D:5)
  An iguana (D:5)
  A gnoll (D:5)
  An adder (D:3)
  An ufetubus (D:5)
  A worm (D:5)
  2 orcs (D:5)
  2 endoplasms
  2 giant cockroaches
  5 goblins (D:2)
  3 hobgoblins
  3 ball pythons
  A frilled lizard (D:2)
  2 rats
32 creatures vanquished.

Grand Total: 100 creatures vanquished

Notes
Turn   | Place    | Note
-------+----------+-------------------------------------------
     0 | D:1      | lunkers the Meteoran Earth Elementalist began the quest for
                  | the Orb.
     0 | D:1      | Reached XP level 1. HP: 14/14 MP: 5/5
   148 | D:1      | Found a faded altar of an unknown god.
   155 | D:1      | Reached skill level 4 in Earth Magic
   155 | D:1      | Reached XP level 2. HP: 20/20 MP: 0/6
   170 | D:1      | Prayed at the altar of an unknown god.
   170 | D:1      | Became a worshipper of Jiyva Jeckeeth the Shapeless
   170 | D:1      | Reached * piety under Jiyva
   353 | D:2      | Reached XP level 3. HP: 21/26 MP: 5/8
   452 | D:2      | Learned a level 2 spell: Passwall
   456 | D:2      | Learned a level 3 spell: Stone Arrow
   467 | D:2      | Reached XP level 4. HP: 33/33 MP: 7/10
   501 | D:2      | Reached ** piety under Jiyva
   503 | D:2      | Noticed Robin
   511 | D:2      | Killed Robin
   512 | D:2      | Reached skill level 1 in Conjurations
   512 | D:2      | Reached skill level 5 in Earth Magic
   902 | D:3      | Reached *** piety under Jiyva
  1039 | D:3      | Noticed Grinder
  1043 | D:3      | Killed Grinder
  1044 | D:3      | Reached skill level 6 in Earth Magic
  1044 | D:3      | Reached XP level 5. HP: 38/38 MP: 9/12
  1044 | D:3      | Reached XP level 6. HP: 45/45 MP: 9/13
  1071 | D:3      | Learned a level 4 spell: Petrify
  1215 | D:3      | Gained mutation: Your melee attacks may engulf your foes in
                  | ooze. [Jiyva's grace]
  1215 | D:3      | Gained mutation: You have hidden genetic potential.
                  | [Jiyva's grace]
  1215 | D:3      | Gained mutation: You have great hidden genetic potential.
                  | [Jiyva's grace]
  1215 | D:3      | Gained mutation: You have a pair of small horns on your
                  | head. [Jiyva's grace]
  1301 | D:4      | Found Dusuc's General Store.
  1387 | D:4      | Reached XP level 7. HP: 50/50 MP: 11/15
  1544 | D:4      | Reached **** piety under Jiyva
  1588 | D:5      | Entered Level 5 of the Dungeon
  1632 | D:5      | Reached skill level 5 in Spellcasting
  1632 | D:5      | Reached skill level 7 in Earth Magic
  1642 | D:5      | Gained mutation: You expend magic power (3 MP) to
                  | strengthen your wands. [hidden potential]
  1677 | D:5      | Noticed a water moccasin
  1680 | D:5      | Killed a water moccasin
  1681 | D:5      | Reached XP level 8. HP: 40/57 MP: 15/17
  1714 | D:5      | Found a blossoming altar of Fedhas.
  1719 | D:5      | Reached skill level 8 in Earth Magic
  1731 | D:5      | Gained mutation: You have sharp toenails. [hidden
                  | potential]
  1731 | D:5      | Lost mutation: You have great hidden genetic potential.
                  | [hidden potential expressed]
  1768 | D:5      | Noticed Blork the orc
  1772 | D:5      | Killed Blork the orc
  1812 | D:5      | Reached skill level 9 in Earth Magic
  1850 | D:5      | HP: 1/57 [ogre/+0 giant spiked club (34)]
  1853 | D:5      | Slain by an orc

Illustrated notes

Levels and vault maps discovered:
D:1:      dpeg_arrival_water_fire, layout_loops_ring, basic_ecumenical_altar
D:2:      layout_loops_ring, uniq_robin
D:3:      layout_loops_corners, grunt_ministairs_15,
          nicolae_elevator_lobby_plus, uniq_grinder
D:4:      layout_basic, serial_shops, nicolae_shop_waterfront, minmay_bisected
D:5:      minmay_razor_zed, layout_rooms, nemelex_spade_bored_becter,
          kennysheep_mini_moat, grunt_ministairs_9, uniq_prince_ribbit1,
          uniq_ijyb, uniq_blork_the_orc

Skill      XL: |  1  2  3  4  5  6  7  8 |
---------------+-------------------------+-----
Earth Magic    | 4 6 7 9 |  9.3
Spellcasting   | 3 4 5 6 |  6.6
Conjurations   | 2 3 4 |  4.0
Dodging        | |  2.4
Stealth        | |  1.4
Transmutations | |  1.2

Action                   |  1- 3 |  4- 6 |  7- 9 || total
-------------------------+-------+-------+-------++-------
 Cast: Sandblast         |    33 |    43 |    36 ||   112
       Stone Arrow       |       |       |     8 ||     8
  Use: Scroll            |       |     2 |     4 ||     6
Armor: Robe              |     3 |     5 |     2 ||    10
Dodge: Dodged            |     6 |     5 |    12 ||    23

Table legend: (Time is in decaauts)
 A = Elapsed time spent in this place.
 B = Non-inter-level travel time spent in this place.
 C = Inter-level travel time spent in this place.
 D = Time resting spent in this place.
 E = Time spent auto-exploring this place.
 F = Levels seen in this place.
 G = Mean time per level.
                   A        B        C        D        E       F      G
               +--------+--------+--------+--------+--------+-----+--------+
         Total |   1907 |   1804 |    103 |      0 |   1333 |   5 |  381.4 |
       Dungeon |   1907 |   1804 |    103 |      0 |   1333 |   5 |  381.4 |
               +--------+--------+--------+--------+--------+-----+--------+

Top non-repeatable levels by time:
     D:3: 490 daAuts
     D:2: 469 daAuts
     D:1: 352 daAuts
     D:4: 318 daAuts
     D:5: 277 daAuts
